 Dungeon Crawl Stone Soup version 0.29.1-15-g9cfb28693d (webtiles) character file.

Game seed: 3709798660685044664

80177 adizb the Thaumaturge (level 15, -8/128 HPs)
             Began as a Green Draconian Fighter on Apr 19, 2023.
             Was the Champion of Vehumet.
             Mangled by an ettin
             ... wielding a +0 dire flail
              (26 damage)
             ... on level 2 of the Orcish Mines.
             The game lasted 02:49:35 (16971 turns).

adizb the Thaumaturge (Green Draconian Fighter)    Turns: 16971, Time: 02:49:41

Health: -8/128     AC: 17    Str: 21    XL:     15   Next: 23%
Magic:  1/29       EV: 14    Int: 19    God:    Vehumet [******]
Gold:   1580       SH:  0    Dex: 11    Spells: 3/35 levels left

rFire   . . .      SeeInvis .   j - +9 staff of Olgreb {rPois∞}
rCold   + . .      Faith    +   (no shield)
rNeg    . . .      Spirit   .   (body armour unavailable)
rPois   ∞          Reflect  .   (helmet restricted)
rElec   .          Harm     .   o - +2 cloak {Stlth+}
rCorr   .          Rampage  .   Q - +1 pair of gloves {hurl}
Will    +....                   N - +2 pair of boots {Fly}
Stlth   ++++......              s - amulet of faith
HPRegen 0.31/turn               k - ring of protection from cold
MPRegen 0.21/turn               V - +6 ring of intelligence

@: short of breath, flying
A: breathe noxious fumes, AC +9, unfitting armour, stinger 1, poison resistance,
cold-blooded, sense surroundings 1, screaming 1
a: Breathe Noxious Fumes, Renounce Religion, Evoke the Staff of Olgreb


You were on level 2 of the Orcish Mines.
You worshipped Vehumet.
Vehumet was exalted by your worship.
You visited 4 branches of the dungeon, and saw 22 of its levels.
You also visited: Bailey, Gauntlet and Ice Cave.

You collected 2561 gold pieces.
You spent 981 gold pieces at shops.

Inventory:

Hand Weapons
 a - the +9 lajatang "Bomihyuh" {flame, Will+ Int+3}
   (You acquired it on level 3 of the Lair of Beasts)

   It burns those it strikes, dealing additional fire damage.
   Big, fiery blades are also staple armaments of hydra-hunters.
   Int:       It affects your intelligence (+3).
   Will:      It increases your willpower.
 j - the +9 staff of Olgreb (weapon) {rPois∞}
   (You found it on level 3 of the Dungeon)

   If the wielder is skilled in Evocations, they can envenom those struck by it,
   dealing poison damage which bypasses armour.
   It enhances your poison magic.
   It grants immunity to poison.
   It can be activated via the 'a'bility menu to radiate toxic energy, with
   effectiveness depending on Evocations skill.
Missiles
 u - 2 throwing nets
Armour
 b - a +0 buckler
 o - a +2 cloak of stealth (worn)
 M - a scarf of resistance
 N - a +2 pair of boots of flying (worn)
 P - an orb of light
 Q - a +1 pair of gloves of hurling (worn)
Jewellery
 e - a ring of ice
 k - a ring of protection from cold (left hand)
 n - a +6 ring of strength
 s - an amulet of faith (around neck)
 v - a ring of fire
 y - a ring of protection from fire
 z - a ring of positive energy
 F - a +4 ring of evasion
 L - a ring of protection from fire
 V - a +6 ring of intelligence (right hand)
 W - a ring of resist corrosion
Wands
 x - a wand of roots (16)
 A - a wand of flame (10)
 B - a wand of paralysis (28)
 H - a wand of quicksilver (4)
 K - a wand of digging (6)
 X - a wand of polymorph (2)
Scrolls
 i - a scroll of magic mapping
 l - 7 scrolls of teleportation
 p - 5 scrolls of vulnerability
 q - 2 scrolls of silence
 t - 5 scrolls of fear
 I - 3 scrolls of summoning
 J - 2 scrolls of identify
 R - a scroll of immolation
 S - 2 scrolls of torment
 U - 2 scrolls of enchant weapon
 Y - a scroll of brand weapon {unknown}
Potions
 c - 8 potions of might
 d - 5 potions of flight
 f - 3 potions of magic
 g - a potion of invisibility
 h - 7 potions of curing
 r - 8 potions of brilliance
 w - 5 potions of attraction
 C - 2 potions of ambrosia
 D - 2 potions of resistance
 E - 4 potions of berserk rage
 G - a potion of haste
 O - a potion of mutation
 T - 3 potions of heal wounds
Miscellaneous
 m - a phantom mirror


   Skills:
 - Level 10.5 Fighting
 - Level 3.5 Axes
 - Level 9.7 Staves
 + Level 8.2 Dodging
 + Level 6.7 Stealth
 - Level 7.5 Shields
 * Level 10.9 Spellcasting
 - Level 4.0 Conjurations
 + Level 8.1 Necromancy
 + Level 6.1 Fire Magic
 - Level 4.1 Air Magic
 - Level 9.4 Poison Magic
 + Level 9.7 Evocations


You had 3 spell levels left.
You knew the following spells:

 Your Spells              Type           Power      Damage    Failure   Level
a - Static Discharge      Conj/Air       25%        3-7/arc   1%          2
b - Ignite Poison         Fire/Tmut/Pois 45%        N/A       1%          3
c - Scorch                Fire           66%        2d8       1%          2
d - Dazzling Flash        Conj/Hex       36%        N/A       2%          3
e - Dispel Undead         Necr           41%        3d16      2%          4
f - Conjure Flame         Conj/Fire      29%        6-21      1%          3
g - Swiftness             Air            26%        N/A       3%          3
h - Iskenderun's Battles  Conj           25%        2d8       11%         5
i - Vampiric Draining     Necr           41%        2d8       1%          3
j - Corpse Rot            Necr/Pois/Air  54%        N/A       3%          4

Your spell library contained the following spells:

 Spells                   Type           Power      Damage    Failure   Level
 Conjure Ball Lightning   Conj/Air       12%        3x3d6     43%         6
 Shock                    Conj/Air       100%       1d9       1%          1
 Sting                    Tmut/Pois      100%       1d8       1%          1
 Poisonous Vapours        Pois/Air       100%       N/A       1%          2
 Frozen Ramparts          Ice            20%        1d4       5%          3
 Slow                     Hex            40%        N/A       7%          1
 Ensorcelled Hibernation  Hex/Ice        20%        N/A       11%         2
 Confusing Touch          Hex            10%        N/A       21%         3
 Gell's Gravitas          Tloc           10%        N/A       21%         3
 Portal Projectile        Hex/Tloc       20%        N/A       21%         3
 Teleport Other           Tloc           10%        N/A       21%         3
 Olgreb's Toxic Radiance  Pois           62%        N/A       1%          4
 Flame Wave               Conj/Fire      29%        2d9       2%          4
 Airstrike                Air            13%        2d(2-18)  3%          4
 Iskenderun's Mystic Bla  Conj/Tloc      18%        2d6       9%          4
 Irradiate                Conj/Tmut      9%         3d14      21%         5
 Summon Lightning Spire   Summ/Air       18%        N/A       28%         4
 Starburst                Conj/Fire      14%        6d6       32%         6
 Death Channel            Necr           20%        N/A       36%         6
 Cause Fear               Hex            5%         N/A       56%         4
 Ice Form                 Ice/Tmut       10%        N/A       56%         4
 Summon Ice Beast         Ice/Summ       10%        N/A       56%         4
 Blade Hands              Tmut           5%         N/A       88%         5
 Manifold Assault         Tloc           10%        N/A       88%         5
 Dispersal                Tloc           5%         N/A       100%        6
 Summon Cactus Giant      Summ           5%         N/A       100%        6
 Dragon Form              Tmut           5%         N/A       100%        7
 Dragon's Call            Summ           5%         N/A       100%        9


Dungeon Overview and Level Annotations

Branches:
Dungeon (14/15)            Temple (1/1) D:5            Lair (5/5) D:10
  Swamp (0/4) Lair:3        Snake (0/4) Lair:2        Slime (0/5) Lair:4
    Orc (2/2) D:11         Vaults (0/5) D:13         Bailey (visited)
  IceCv (visited)         Gauntlet (visited)
    Elf: Orc:2

Altars:
Ashenzari
Cheibriados
Dithmenos
Elyvilon
Fedhas
Gozag
Hepliaklqana
Kikubaaqudgha
Makhleb
Nemelex Xobeh
Okawaru
Qazlal
Ru
Sif Muna
Trog
Uskayaw
Vehumet
Wu Jian
Xom
Yredelemnul
Zin
The Shining One

Shops:
D:6 (   D:7 *   D:10 :   Orc:1 !   Orc:2 ((


Innate Abilities, Weirdness & Mutations

You can breathe blasts of noxious fumes.
Your lurid green scales are hard. (AC +9)
You cannot fit into any form of body armour.
Your tail ends in a venomous barb.
Your system is resistant to poisons. (rPois)
You are cold-blooded and may be slowed by cold attacks.
You passively map a small area around you.
You occasionally shout uncontrollably at your foes.


Message History

Aiming: Breathe Noxious Fumes (1% risk of failure)
Press: ? - help, Q - select action, (/) - cycle Shift-Dir - straight line, f - ettin
Aim: an ettin, wielding a +0 dire flail and a +2 vorpal dire flail (lightly wounded, very poisoned, 92% to hit)
You exhale a blast of noxious fumes.
The blast of choking fumes hits the ettin.
The ettin is lightly wounded.
The ogre shouts!
The ogre is poisoned.
Your toxic aura wanes.
You hear a shout!
The ettin is engulfed in noxious fumes.
The ettin appears confused.
A troll comes into view.
Casting: Ignite Poison (safe; 1% risk of failure)
Press: ? - help, Q - select action, (/) - cycle Dir - look around, f - activate You feel a surge of power!
You ignite the poison in your surroundings!
The ettin seems to burn from within!!
The ettin is heavily wounded.
The ogre seems to burn from within!
The ogre is severely wounded.
The ettin is engulfed in blazing flames.
Things that are here:
a +0 giant club; an ogre corpse The ettin hits you with a +0 dire flail!
The ettin barely misses you.
Things that are here:
a +0 giant spiked club; an ogre corpse You hit the ettin.
You envenom the ettin!
The ettin is poisoned.
You tail-slap the ettin, but do no damage.
The ettin is severely wounded.
The ettin seems less confused.
The ettin hits you with a +0 dire flail!
The ettin hits you with a +2 vorpal dire flail!
You hit the ettin but do no damage.
You envenom the ettin.
The ettin looks even sicker.
Your tail-slap misses the ettin.
The ettin is almost dead.
The ettin hits you with a +0 dire flail!!
* * * LOW HITPOINT WARNING * * *
The ettin hits you with a +2 vorpal dire flail!!
You die...

#......#.....
####....$........ *
##...#.##........#
####.....###.......#
..##.......# #.......###
...........###.....)....
#......[....#....)....<.
##...[.)°)).......)# .....
#.......##.@.)...### .....
#........#C°○..#### #......
#.∩....O.##.)°).#.# .)))...
#......∩.##..))..###......,
##.......####.)...........
.......## #...)).....#*
##..)..†.).# * ##.#..).###
∩ , ####<.#.## ,


You could see an ettin (very poisoned).

Vanquished Creatures
  A frost giant (IceCv)
  An ettin (Orc:2)
  Josephine (D:12)
  4 hydras
  Fannar (D:9)
  6 boulder beetles
  A vault guard (D:13)
  An ogre mage (Orc:2)
  3 centaur warriors
  6 two-headed ogres
  4 death yaks (IceCv)
  A tengu warrior (D:13)
  An orc high priest (Orc:1)
  2 deep trolls (Orc:2)
  A wizard (D:13)
  3 orc knights
  A deep elf pyromancer (D:13)
  2 ugly things
  An orc sorcerer (Orc:1)
  A cyclops (D:13)
  2 manticores
  A torpor snail (Lair:3)
  Joseph (D:7)
  An ice statue (D:13)
  5 black mambas
  2 gargoyles
  3 kobold demonologists
  5 cane toads
  A demonic crawler (Lair:2)
  An unseen horror (D:10)
  Maggie (D:7)
  An efreet (Gauntlet)
  8 rime drakes (IceCv)
  7 komodo dragons
  A tengu conjurer (D:13)
  14 polar bears
  12 trolls
  6 hornets
  13 slime creatures
  5 dream sheep
  18 blink frogs
  54 yaks
  21 humans (D:13)
  13 spriggans (Lair:5)
  5 wraiths
  3 wyverns
  A fire elemental (Gauntlet)
  5 basilisks
  A steam dragon (D:9)
  The ghost of hawla the Firebug, an amateur MeFE (D:4)
  5 nagas (Lair:2)
  2 swamp worms (Lair:2)
  5 wargs
  2 acid dragons
  10 water moccasins
  3 hell hounds (Gauntlet)
  A black bear (D:5)
  26 orc warriors
  2 sky beasts
  2 ice beasts (D:6)
  19 ogres
  7 centaurs
  44 wolves
  4 boggarts (Lair:5)
  2 phantoms
  5 kobold brigands
  A necrophage (D:6)
  11 bullfrogs
  A scorpion (D:7)
  4 gnoll sergeants
  12 wights
  12 killer bees
  4 howler monkeys
  3 electric eels
  6 hounds
  3 jellies
  14 orc priests
  2 gnoll boudas
  5 iguanas
  13 orc wizards
  28 gnolls
  11 adders
  2 shadow imps (D:7)
  2 ufetubi (D:5)
  6 worms
  4 dart slugs
  58 orcs
  8 ball pythons
  6 bats
  4 endoplasms
  3 giant cockroaches
  16 goblins
  19 hobgoblins
  2 quokkas
  4 frilled lizards
  17 kobolds
  3 rats
677 creatures vanquished.

Vanquished Creatures (collateral kills)
  A minotaur (Gauntlet)
  An acid dragon (D:13)
2 creatures vanquished.

Vanquished Creatures (others)
  17 fungi
  32 plants
49 creatures vanquished.

Grand Total: 728 creatures vanquished

Notes
Turn   | Place    | Note
-------+----------+-------------------------------------------
     0 | D:1      | adizb the Draconian Fighter began the quest for the Orb.
     0 | D:1      | Reached XP level 1. HP: 19/19 MP: 1/1
    66 | D:1      | Reached XP level 2. HP: 26/26 MP: 2/2
   888 | D:2      | Found a faded altar of an unknown god.
   914 | D:2      | Reached XP level 3. HP: 33/33 MP: 3/3
  1399 | D:3      | Found the +9 staff of Olgreb {rPois∞}
  1517 | D:3      | Found a glowing golden altar of the Shining One.
  1800 | D:3      | Reached XP level 4. HP: 40/40 MP: 4/4
  1967 | D:3      | Reached skill level 1 in Staves
  2094 | D:4      | Reached skill level 1 in Poison Magic
  2094 | D:4      | Reached skill level 1 in Evocations
  2094 | D:4      | Reached XP level 5. HP: 42/46 MP: 3/6
  2119 | D:4      | Reached skill level 1 in Spellcasting
  2285 | D:4      | Reached XP level 6. HP: 20/53 MP: 3/7
  2546 | D:4      | Found a runed translucent gate.
  2546 | D:4      | Found a runed translucent gate.
  2547 | D:4      | Found a runed translucent gate.
  2549 | D:4      | Noticed hawla's ghost (amateur MeFE)
  2560 | D:4      | Killed hawla's ghost
  2570 | D:4      | Your scales start taking on a lurid green colour.
  2570 | D:4      | Reached XP level 7. HP: 49/60 MP: 10/10
  2570 | D:4      | Gained mutation: Your system is resistant to poisons.
                  | (rPois) [Green Draconian growth]
  2726 | D:5      | Entered Level 5 of the Dungeon
  2737 | D:5      | Found a staircase to the Ecumenical Temple.
  2759 | D:5      | Reached skill level 5 in Fighting
  2774 | D:5      | Found a hazy altar of Hepliaklqana.
  2835 | Temple   | Entered the Ecumenical Temple
  2925 | Temple   | Became a worshipper of Vehumet
  3606 | D:6      | Reached XP level 8. HP: 46/68 MP: 11/11
  3646 | D:6      | Found Tacoo's Weapon Shop.
  3840 | D:6      | Reached * piety under Vehumet
  3840 | D:6      | Offered knowledge of Shock by Vehumet.
  4018 | D:7      | Noticed Joseph
  4018 | D:7      | Found Vosch's General Store.
  4024 | D:7      | Reached skill level 5 in Staves
  4027 | D:7      | Killed Joseph
  4043 | D:7      | Bought a scroll of identify for 24 gold pieces
  4123 | D:7      | Found the +3 robe of Clouds {*Thunder rCloud rElec}
  4132 | D:7      | Noticed Maggie
  4146 | D:7      | Reached skill level 5 in Shields
  4152 | D:7      | Killed Maggie
  4153 | D:7      | Reached XP level 9. HP: 25/75 MP: 4/14
  4191 | D:7      | Found a shimmering blue altar of Sif Muna.
  4289 | D:7      | Reached skill level 5 in Poison Magic
  4640 | D:8      | Reached ** piety under Vehumet
  4641 | D:8      | Reached skill level 1 in Conjurations
  4644 | D:8      | Offered knowledge of Sandblast by Vehumet.
  5196 | D:9      | Reached XP level 10. HP: 74/86 MP: 12/16
  5215 | D:8      | Reached skill level 5 in Evocations
  5402 | D:9      | Reached skill level 1 in Stealth
  5506 | D:9      | Offered knowledge of Static Discharge by Vehumet.
  5514 | D:9      | Learned a level 2 spell: Static Discharge
  5687 | D:9      | Identified the +7 dagger of Wudusiu {venom, +Blink}
  5803 | D:10     | Entered Level 10 of the Dungeon
  5803 | D:10     | Noticed Fannar
  5819 | D:9      | Killed Fannar
  5819 | D:9      | Reached *** piety under Vehumet
  5820 | D:9      | Reached skill level 1 in Air Magic
  5834 | D:10     | Reached skill level 5 in Spellcasting
  5848 | D:10     | Found a staircase to the Lair.
  5954 | D:10     | Got the Folio of Curses and the Voyage
  5968 | D:10     | Found a flagged portal.
  5977 | Bailey   | Entered a bailey
  6312 | Bailey   | Offered knowledge of Ignite Poison by Vehumet.
  6317 | Bailey   | Learned a level 3 spell: Ignite Poison
  6320 | Bailey   | Learned a level 2 spell: Scorch
  6328 | Bailey   | Learned a level 3 spell: Dazzling Flash
  6436 | Bailey   | Acquired a staff of conjuration
  6440 | Bailey   | Noticed an orc knight
  6466 | Bailey   | Killed an orc knight
  6467 | Bailey   | Reached XP level 11. HP: 40/95 MP: 4/18
  6480 | Bailey   | Acquired 551 gold pieces
  6553 | Bailey   | Found an iron altar of Okawaru.
  6616 | Bailey   | Got the Commentary on Non-Euclidean Gusts
  6766 | Bailey   | Reached **** piety under Vehumet
  7033 | D:10     | Found Jydacy's Book Shoppe.
  7044 | D:10     | Bought a book of Decay for 476 gold pieces
  7049 | D:10     | Learned a level 4 spell: Dispel Undead
  7202 | D:10     | Found a hide-covered altar of Uskayaw.
  7202 | D:10     | Noticed a +0 spear
  7202 | D:10     | Noticed a +0 dagger
  7203 | D:10     | Noticed a +0 short sword
  7203 | D:10     | Noticed a +0 dagger
  7203 | D:10     | Noticed a +0 falchion
  7204 | D:10     | Noticed a +0 spear
  7206 | D:10     | Noticed a +0 falchion
  7206 | D:10     | Noticed a +0 short sword
  7383 | Lair:1   | Entered Level 1 of the Lair of Beasts
  7439 | Lair:1   | Found a gate leading to a gauntlet.
  7460 | Gauntlet | Entered a Gauntlet
  7460 | Gauntlet | Found a transporter.
  7464 | Gauntlet | Found a transporter.
  7464 | Gauntlet | Noticed a green ugly thing
  7465 | Gauntlet | Noticed a white ugly thing
  7465 | Gauntlet | Noticed a glowing orange brain
  7466 | Gauntlet | Noticed a sixfirhy
  7466 | Gauntlet | Noticed a glowing orange brain
  7468 | Gauntlet | Found a transporter.
  7468 | Gauntlet | Noticed a sixfirhy
  7469 | Gauntlet | Found a transporter.
  7478 | Gauntlet | Found a transporter.
  7478 | Gauntlet | Found a transporter.
  7484 | Gauntlet | Found a runed translucent gate.
  7485 | Gauntlet | Found a runed translucent gate.
  7485 | Gauntlet | Found a transporter.
  7486 | Gauntlet | Found a runed translucent gate.
  7487 | Gauntlet | Noticed a hell beast
  7502 | Gauntlet | Found a transporter.
  7562 | Gauntlet | Found a transporter.
  7566 | Gauntlet | Found a transporter.
  7570 | Gauntlet | Found a transporter.
  7582 | Gauntlet | Noticed a blizzard demon
  7585 | Gauntlet | Found a transporter.
  7652 | Gauntlet | Reached skill level 1 in Necromancy
  7656 | Gauntlet | Offered knowledge of Conjure Flame by Vehumet.
  7924 | Gauntlet | HP: 4/95 [blizzard demon/bolt of lightning (38)]
  7928 | Gauntlet | Identified the +1 helmet "Nuil Wei" {Fly rC+}
  8243 | Gauntlet | Noticed a minotaur
  8248 | Gauntlet | Killed a minotaur
  8427 | Lair:1   | Learned a level 3 spell: Conjure Flame
  8536 | Lair:1   | Noticed a boulder beetle
  8548 | Lair:1   | Killed a boulder beetle
  8816 | Lair:2   | Reached skill level 1 in Fire Magic
  8844 | Lair:2   | Reached XP level 12. HP: 63/104 MP: 6/21
  8921 | Lair:2   | Found a staircase to the Snake Pit.
  9224 | Lair:3   | Found a staircase to the Swamp.
  9236 | Lair:3   | Reached skill level 5 in Dodging
  9261 | Lair:3   | Acquired the +9 lajatang "Bomihyuh" {flame, Will+ Int+3}
  9334 | Lair:3   | Reached ***** piety under Vehumet
  9336 | Lair:3   | Offered knowledge of Freezing Cloud by Vehumet.
  9344 | Lair:3   | Learned a level 3 spell: Swiftness
  9413 | Lair:3   | Noticed a five-headed hydra
  9416 | Lair:3   | Reached skill level 5 in Necromancy
  9425 | Lair:3   | Killed a one-headed hydra
 10208 | Lair:4   | Noticed a boulder beetle
 10220 | Lair:4   | HP: 4/106 [boulder beetle (5)]
 10361 | Lair:4   | Noticed a five-headed hydra
 10634 | Lair:4   | Killed a one-headed hydra
 10635 | Lair:4   | Reached XP level 13. HP: 55/113 MP: 17/23
 10742 | Lair:4   | Found a hide-covered altar of Uskayaw.
 10742 | Lair:4   | Found an ornate altar of the Wu Jian Council.
 10863 | Lair:4   | Found a staircase to the Slime Pits.
 10872 | Lair:4   | Reached skill level 10 in Fighting
 11133 | Lair:5   | Entered Level 5 of the Lair of Beasts
 11451 | Lair:5   | Offered knowledge of Iskenderun's Battlesphere by Vehumet.
 11458 | Lair:5   | Learned a level 5 spell: Iskenderun's Battlesphere
 11490 | Lair:5   | Identified the +1 robe of Dogma {SInv}
 12093 | Lair:2   | Learned a level 3 spell: Vampiric Draining
 12237 | Lair:2   | Reached ****** piety under Vehumet
 12660 | D:11     | Gained mutation: Your muscles are strong. (Str +4, Int/Dex
                  | -1) [potion of mutation]
 12660 | D:11     | Gained mutation: You occasionally lose the ability to drink
                  | potions when taking damage. [potion of mutation]
 12660 | D:11     | Gained mutation: You have a pair of small horns on your
                  | head. [potion of mutation]
 12661 | D:11     | Lost mutation: Your muscles are strong. (Str +4, Int/Dex
                  | -1) [potion of mutation]
 12661 | D:11     | Lost mutation: You have a pair of small horns on your head.
                  | [potion of mutation]
 12661 | D:11     | Lost mutation: You occasionally lose the ability to drink
                  | potions when taking damage. [potion of mutation]
 12661 | D:11     | Gained mutation: You occasionally shout uncontrollably at
                  | your foes. [potion of mutation]
 12661 | D:11     | Gained mutation: You passively map a small area around you.
                  | [potion of mutation]
 12749 | D:11     | Found a staircase to the Orcish Mines.
 12751 | D:11     | Offered knowledge of Orb of Destruction by Vehumet.
 12752 | D:11     | Gained mutation: Your tail ends in a venomous barb. [Green
                  | Draconian growth]
 12752 | D:11     | Reached XP level 14. HP: 116/122 MP: 26/26
 13145 | D:12     | Found a frozen archway.
 13163 | IceCv    | Entered an ice cave
 13277 | IceCv    | Noticed a frost giant
 13404 | IceCv    | Reached skill level 5 in Stealth
 13409 | IceCv    | Killed a frost giant
 13472 | IceCv    | Offered knowledge of Lightning Bolt by Vehumet.
 13478 | IceCv    | Learned a level 4 spell: Corpse Rot
 14375 | D:12     | Noticed Josephine
 14383 | D:12     | Killed Josephine
 14940 | D:13     | Reached skill level 5 in Fire Magic
 14944 | D:13     | Reached skill level 10 in Spellcasting
 16033 | D:13     | Offered knowledge of Yara's Violent Unravelling by Vehumet.
 16167 | D:13     | Found a gate to the Vaults.
 16526 | Orc:1    | Entered Level 1 of the Orcish Mines
 16627 | Orc:1    | Found Hunareig's Distillery.
 16637 | Orc:1    | Bought a potion of heal wounds for 65 gold pieces
 16637 | Orc:1    | Bought 3 potions of curing for 117 gold pieces
 16637 | Orc:1    | Bought a potion of heal wounds for 65 gold pieces
 16637 | Orc:1    | Bought 2 potions of brilliance for 104 gold pieces
 16637 | Orc:1    | Bought a potion of resistance for 130 gold pieces
 16648 | Orc:1    | Reached XP level 15. HP: 46/128 MP: 20/29
 16856 | Orc:2    | Entered Level 2 of the Orcish Mines
 16919 | Orc:2    | Offered knowledge of Conjure Ball Lightning by Vehumet.
 16951 | Orc:2    | Found Pazoehom's Antique Weapon Shoppe.
 16952 | Orc:2    | Found Oraodo Ugre's Weapon Emporium.
 16971 | Orc:2    | Mangled by an ettin

Illustrated notes

Levels and vault maps discovered:
D:1:      ncdulo_lavacross, layout_loops_ring, nrook_uturn,
          kennysheep_crisscross, st_stairs_11, minmay_hedge_maze
D:2:      layout_loops_ring, hellmonk_ecumenical_altar_inner_sanctum
D:3:      layout_loops_ring, mainiacjoe_overflow_six_doors_small
D:4:      layout_basic, gammafunk_ghost_split, grunt_ministairs_7,
          hangedman_abyss_or_decor_stagger, minmay_increasing_density
D:5:      cheibrodos_thug_alley, layout_basic, mainiacjoe_overflow_tiny_flanked,
          minmay_temple_entry_arrows
D:6:      layout_basic, serial_shops, nicolae_diamond_shop
D:7:      layout_rooms, kennysheep_mini, serial_shops, nicolae_stop_n_shop_1,
          kennysheep_generic_room_3, uniq_maggie, uniq_joseph
D:8:      layout_cave_pools
D:9:      layout_roguey
D:10:     layout_cave_pods, nicolae_uskayaw_en_pointe, david_lair_shrubbed,
          serial_glass, glass_columns_a, glass_columns_a, enter_bailey_3,
          nicolae_wooded_promenade, nrook_mini_vaults,
          minmay_unpleasant_kobolds, uniq_fannar
D:11:     layout_gridville, kennysheep_orc_monster_closet_entryway,
          minmay_misc_feat_plants, serial_bayou_pond_b
D:12:     layout_basic, portal_ice_cave_entry_pillars_1, uniq_josephine
D:13:     layout_roguey, grunt_vaults_entry_tiered, minmay_statue_bubble
D:14:     layout_basic, hangedman_abyss_or_decor_jellyfish_corner,
          kennysheep_cross_bottleneck
Temple:   nicolae_temple_bog_church
Lair:1:   layout_gridlike, gauntlet_entry_generic, minmay_holes,
          nicolae_quartered_pool_impasse, grunt_forest_large_clearing_hut
Lair:2:   beast_lair_carwin_large_3, layout_cave_pods,
          minmay_snake_entry_guardpost_medium, worms_lemuel
Lair:3:   layout_big_grid, swamp_mist
Lair:4:   layout_small_grid, minmay_slime_entry_pillars,
          nzn_masters_of_martial_movement
Lair:5:   minmay_lair_end_enchanted_forest, layout_regular_city
Orc:1:    layout_caves, serial_shops, nicolae_shop_hallway_stairs, mines2_david
Orc:2:    st_orc_open, layout_diamond_mine, basic_altar, nicolae_orc_bridge_out

Skill      XL: |  1  2  3  4  5  6  7  8  9 10 11 12 13 14 15 |
---------------+----------------------------------------------+-----
Axes           | 3 |  3.5
Fighting       | 4 5 6 7 8 9 10 | 10.5
Staves         | 1 2 3 4 6 7 8 9 |  9.7
Poison Magic   | 1 2 3 4 5 6 7 8 9 |  9.4
Evocations     | 1 2 3 4 5 6 7 8 9 |  9.7
Spellcasting   | 1 2 3 4 5 6 7 8 10 | 10.9
Shields        | 4 5 6 7 |  7.5
Conjurations   | 1 3 4 |  4.0
Stealth        | 2 3 4 6 |  6.7
Dodging        | 3 4 5 6 7 8 |  8.2
Air Magic      | 2 4 |  4.1
Necromancy     | 3 6 7 8 |  8.1
Fire Magic     | 1 3 5 6 |  6.1

Action                   |  1- 3 |  4- 6 |  7- 9 | 10-12 | 13-15 || total
-------------------------+-------+-------+-------+-------+-------++-------
Melee: War axe           |    77 |       |       |       |       ||    77
       Tailslap          |    10 |    10 |    30 |    57 |    68 ||   175
       Staff             |    12 |    79 |   243 |   314 |   360 ||  1008
       Lajatang          |       |       |       |    50 |    68 ||   118
       Punch             |       |       |       |       |     6 ||     6
Throw: Throwing net      |       |       |       |     1 |       ||     1
 Cast: Scorch            |       |       |       |    11 |    12 ||    23
       Static Discharge  |       |       |       |     6 |     5 ||    11
       Dazzling Flash    |       |       |       |     1 |     1 ||     2
       Ignite Poison     |       |       |       |    18 |   114 ||   132
       Vampiric Draining |       |       |       |       |    10 ||    10
       Iskenderun's Batt |       |       |       |       |     1 ||     1
       Conjure Flame     |       |       |       |       |     2 ||     2
       Corpse Rot        |       |       |       |       |     1 ||     1
       Swiftness         |       |       |       |       |     1 ||     1
 Abil: Evoke the Staff o |       |     6 |    18 |    72 |    81 ||   177
       Breathe Noxious F |       |       |    14 |    16 |    20 ||    50
Evoke: Wand              |       |       |       |     1 |     2 ||     3
       Phantom mirror    |       |       |       |     1 |       ||     1
  Use: Scroll            |     5 |       |     8 |    18 |     7 ||    38
       Potion            |     1 |       |       |     3 |     3 ||     7
 Stab: Sleeping          |     1 |     3 |     3 |     6 |     4 ||    17
       Confused          |       |       |     2 |     3 |     5 ||    10
       Distracted        |       |       |     1 |       |     1 ||     2
       Held in net/web   |       |       |       |     1 |       ||     1
Armor: Skin              |    21 |    19 |    65 |   111 |   126 ||   342
Dodge: Dodged            |    47 |    27 |   124 |   215 |   306 ||   719
Block: Buckler           |    22 |    14 |    47 |    65 |       ||   148
